[Event "IX Famalicao Open 2022"]
[Site "Vila Nova de Famalicao"]
[Date "2022.07.25"]
[Round "2.1"]
[White "Perez Estevez, Sergio"]
[Black "Martinez Duany, Lelys Stanley"]
[Result "0-1"]
[ECO "C42"]
[WhiteElo "1765"]
[BlackElo "2497"]
[Annotator "TA"]
[PlyCount "72"]
[EventDate "2022.07.25"]
[EventType "tourn"]
[EventCountry "POR"]
[SourceTitle "playchess.com"]
[Source "ChessBase"]
[SourceQuality "1"]
[TimeControl "5400+30"]

1. e4 Nf6 2. Nc3 e5 3. Nf3 d6 4. d4 exd4 5. Nxd4 Be7 6. Bc4 O-O 7. O-O a6 8. a4 Nc6 9. Nxc6 bxc6 10. h3 {C41: Philidor Defence.} Rb8 {[#]} 11. a5 $146 ({Predecessor:} 11. b3 Nd7 12. Bb2 Bf6 13. Qd2 Nc5 14. Rab1 Re8 15. Rfe1 g6 16. Qf4 Ne6 17. Qd2 Be5 {1-0 (38) Moreno Mateos,J (1888)-Leskovar,M (2373) Calvia 2006}) 11... Nd7 (11... Bb7 $11) 12. Qe2 $1 $16 {White is better.} Ra8 13. Be3 Bf6 14. Rfd1 (14. f4 $14) 14... Re8 $11 15. Bd3 (15. Qd2 {seems wilder.} Rb8 16. Rab1 Bxc3 17. Qxc3 Rxe4 18. Ba7) 15... g6 (15... Ne5 $11) 16. f4 Bg7 17. Qf2 Rb8 18. Rab1 Rb4 19. Qf3 Bb7 20. Na2 Ra4 (20... Rxb2 21. Rxb2 Bxb2 22. Rb1 $16) 21. Nc3 Rxa5 22. Bc1 c5 (22... Bd4+ {is more complex.} 23. Kh2 Rh5 24. Be2 c5) 23. Bd2 Nb6 24. b3 {Inhibits c4.} f5 (24... Ra3 $15 {might be stronger.} 25. Bc1 Bxc3 $1 26. Bxa3 Bd4+ 27. Kh2 f5) 25. Qf1 fxe4 26. Nxe4 Ra3 ({But not} 26... Bxe4 27. Bxa5 Bd4+ 28. Kh2 $16) 27. Ng5 h6 $1 28. Nf3 (28. Bxg6 $2 hxg5 29. Bxe8 (29. fxg5 $2 Rf8 $19) 29... Qxe8 $19) 28... Qf6 $36 {[%mdl 2048] Black is pushing.} 29. Qf2 Bc8 30. Bc1 (30. Nh4 $142) 30... Ra2 31. g4 {[#] Prevents Bf5.} ({Better is} 31. Nh4 $1 $15) 31... Bb7 {Black is more active.} (31... Bd7 $1 $17 {Hoping for ...Qf7.} 32. Re1 Rxe1+ 33. Qxe1 Bb5) 32. g5 $2 {[#] This move loses the game for White.} (32. Bd2 $11) 32... hxg5 $1 $19 33. Nxg5 Qd4 (33... Qc3 $19 {And now ...Bd4 would win.} 34. Nf3 (34. Qh4 $2 Rxc2 35. Be3 Rxe3 $19) 34... Bxf3 35. Qxf3 Rxc2) 34. Qxd4 Bxd4+ 35. Kh2 $2 {[#]} (35. Kf1) 35... Rxc2+ $3 36. Bxc2 {Threatens to win with Bd3.} (36. Bd2 Re3) 36... Re2+ {Weighted Error Value: White=0.64/Black=0.15 (very precise)} 0-1

[Event "IX Famalicao Open 2022"]
[Site "Vila Nova de Famalicao"]
[Date "2022.07.25"]
[Round "2.2"]
[White "Santos, Joao Artur Almeida"]
[Black "Aditya Mittal"]
[Result "0-1"]
[ECO "D43"]
[WhiteElo "1954"]
[BlackElo "2480"]
[Annotator "TA"]
[PlyCount "62"]
[EventDate "2022.07.25"]
[EventType "tourn"]
[EventCountry "POR"]
[SourceTitle "playchess.com"]
[Source "ChessBase"]
[SourceQuality "1"]
[TimeControl "5400+30"]

1. d4 Nf6 2. Nf3 d5 3. c4 c6 4. Nc3 e6 5. g3 dxc4 6. Bg2 Nbd7 7. O-O b5 8. Ng5 {[%emt 0:09:08] E01: Catalan: Early deviations.} Qb6 9. e4 (9. b3 $11 {remains equal.}) 9... h6 $17 10. Nh3 {[%emt 0:03:41] [#] Black is slightly better.} Bb7 $146 ({Predecessor:} 10... b4 11. Ne2 {1-0 (11) Raines,D (1105)-Petrov,I (2161) LSS email 2013}) 11. Be3 c5 12. d5 a6 (12... O-O-O {seems wilder.} 13. b3 exd5 14. exd5 Ne5) 13. f4 {[%emt 0:02:04] [#]} (13. Nf4 $11) 13... exd5 $1 14. Nxd5 Nxd5 15. exd5 Be7 16. a4 (16. Rc1 $17) 16... O-O $19 17. d6 (17. Nf2 $142) 17... Bf6 18. a5 Qa7 19. Qc2 Rfe8 20. Rfe1 Re6 21. Rad1 Rae8 {[%emt 0:00:28] Black is clearly winning.} 22. Qf2 Bxg2 23. Kxg2 Qa8+ 24. Kg1 Qc6 25. Qd2 Qf3 26. Bf2 Re2 27. Rxe2 Rxe2 28. Qd5 Qxd5 29. Rxd5 Bxb2 {[%emt 0:00:08] [#] Strongly threatening ...c3.} 30. Kf1 Re4 {[%emt 0:01:04] aiming for ...c3.} 31. Bxc5 c3 {[%emt 0:00:14] White did not feel at home in the position after the opening.  Weighted Error Value: White=0.77/Black=0.13 (very precise)} 0-1

[Event "IX Famalicao Open 2022"]
[Site "Vila Nova de Famalicao"]
[Date "2022.07.25"]
[Round "2.4"]
[White "Jibuti, Nata"]
[Black "Das, Sayantan"]
[Result "0-1"]
[ECO "A48"]
[WhiteElo "1639"]
[BlackElo "2449"]
[Annotator "TA"]
[PlyCount "100"]
[EventDate "2022.07.25"]
[EventType "tourn"]
[EventCountry "POR"]
[SourceTitle "playchess.com"]
[Source "ChessBase"]
[SourceQuality "1"]
[TimeControl "5400+30"]

1. d4 Nf6 2. Nf3 g6 3. Bf4 Bg7 4. Nbd2 O-O 5. e4 d6 6. Bd3 Nc6 {[%cal Oc6d4] A48: 1 d4 Nf6 2 Nf3 g6: Torre, London and Colle Systems.} 7. c3 e5 8. Be3 {[#]} Qe8 $146 {Black has an edge.} ({Predecessor:} 8... exd4 9. cxd4 d5 10. e5 Ng4 11. O-O Nxe3 12. fxe3 f6 13. exf6 Bxf6 14. a3 Ne7 {0-1 (31) Pereira,T (1775)-Perdomo,L (2468) Taubate 2020}) 9. dxe5 Nxe5 10. Nxe5 Qxe5 11. f3 Bd7 12. O-O Qe7 (12... Nd5 $5 13. Bd4 Qg5 14. exd5 Bxd4+ 15. cxd4 Qe3+ 16. Rf2 Qxd3 $11) 13. Qb3 Bc6 14. Rfe1 Nh5 15. Bf1 Rad8 16. Rad1 ({Stronger than} 16. Bxa7 b6 17. Qc4 Bb7 $17) 16... a6 17. Qc2 Rfe8 18. Bd4 Nf4 19. Bxg7 Kxg7 20. Nb3 h5 21. Nd4 (21. g3 $5 Qg5 22. Qd2 $11) 21... Qg5 22. Qd2 {[#] Black must now prevent g3.} h4 {Against g3} 23. Kh1 Bd7 24. Ne2 Ne6 25. Qxg5 Nxg5 26. Ng1 Re7 27. h3 Rde8 28. Ne2 f5 29. exf5 gxf5 30. Kg1 Bb5 31. Kf2 Bxe2 (31... Kf6 {with more complications.} 32. a4 Bxe2 33. Rxe2 Rxe2+ 34. Bxe2 Ne6) 32. Rxe2 Rxe2+ 33. Bxe2 $11 {[%mdl 4096] Endgame KRB-KRN} Ne6 {Prevents Rd4.} 34. Re1 (34. a4 $11) 34... Nf4 $17 {Black keeps a firm grip on the game.} 35. Bf1 Rxe1 {Black is more active.} 36. Kxe1 {KB-KN} Kf6 37. Kf2 {[#]} Nh5 $1 {Prevents g3.} 38. Bd3 Ke5 39. Bf1 (39. a4 $17 {was necessary.}) 39... d5 $19 40. Bd3 c5 41. Be2 d4 {aiming for ...dxc3.} 42. cxd4+ (42. a4) 42... Kxd4 {Hoping for ...b5.} 43. Bf1 (43. Bd1 c4 44. Bc2) 43... Ng3 44. Be2 Nxe2 45. Kxe2 {KP-KP} f4 {Black mates.} 46. Kd2 c4 47. a4 b5 48. axb5 axb5 49. Kc2 b4 50. Kd2 b3 {Weighted Error Value: White=0.58/Black=0.05 (flawless)} 0-1

[Event "IX Famalicao Open 2022"]
[Site "Vila Nova de Famalicao"]
[Date "2022.07.25"]
[Round "2.5"]
[White "Abdisalimov, Abdimalik"]
[Black "Afonso, Joao Pedro"]
[Result "1-0"]
[ECO "E11"]
[WhiteElo "2437"]
[BlackElo "1653"]
[Annotator "TA"]
[PlyCount "51"]
[EventDate "2022.07.25"]
[EventType "tourn"]
[EventCountry "POR"]
[SourceTitle "playchess.com"]
[Source "ChessBase"]
[SourceQuality "1"]
[TimeControl "5400+30"]

1. d4 Nf6 2. c4 e6 3. Nf3 Bb4+ 4. Nbd2 O-O 5. a3 Bxd2+ 6. Qxd2 b6 7. g3 Bb7 8. Bg2 d6 9. O-O Nbd7 10. b3 {[%emt 0:00:06] was the old line (10.b4).} Qe7 11. Bb2 {[%emt 0:00:08] E11: Bogo-Indian.} Ne4 12. Qc2 f5 {[%emt 0:03:42] [#]} 13. Ne1 $146 {[%emt 0:00:36] White has an edge.} ({Predecessor:} 13. Rad1 Rae8 14. d5 exd5 15. cxd5 Ndf6 16. Qc4 Qf7 17. Bxf6 Qxf6 18. Rd4 Re7 19. b4 {1-0 (31) Timman,J (2565)-Guliev,L (2434) Baku 2008}) 13... c5 14. Nd3 cxd4 {[%emt 0:05:18] White should prevent ...e5.} 15. Bxd4 e5 16. Bb2 Rac8 17. f3 Nef6 18. Bh3 f4 19. Qd2 fxg3 (19... Nh5 $5 ) 20. hxg3 Nh5 21. Kh2 $1 e4 22. Ne1 (22. Nb4 $11 {remains equal.} Rc5 23. fxe4) 22... e3 (22... Rce8 $17 {...Nc5 is the strong threat.} 23. Rd1 Nc5) 23. Qd4 $14 Ne5 {[%emt 0:02:52][%mdl 8192] [#] Against Qg4} 24. Bxc8 $18 {[%emt 0:02:45] White has a decisive advantage.} Bxc8 25. Ng2 Qd7 26. g4 {[%emt 0:00:18] Weighted Error Value: White=0.19 (very precise) /Black=0.49} 1-0

[Event "IX Famalicao Open 2022"]
[Site "Vila Nova de Famalicao"]
[Date "2022.07.25"]
[Round "2.6"]
[White "GARCIA FERNANDEZ, Manuel Angel"]
[Black "Nigmatov, Ortik"]
[Result "0-1"]
[ECO "E92"]
[WhiteElo "1606"]
[BlackElo "2437"]
[Annotator "TA"]
[PlyCount "76"]
[EventDate "2022.07.25"]
[EventType "tourn"]
[EventCountry "POR"]
[SourceTitle "playchess.com"]
[Source "ChessBase"]
[SourceQuality "1"]
[TimeControl "5400+30"]

1. d4 Nf6 2. Nf3 g6 3. c4 Bg7 4. Nc3 O-O 5. e4 d6 6. Be2 e5 7. dxe5 dxe5 8. Qxd8 Rxd8 9. Bg5 Nbd7 10. Rd1 Rf8 $1 11. h3 {E92: King's Indian: Classical: 6 Be2 e5: 7 dxe5, 7 Be3 and Petrosian System without 7...Nbd7.} c6 12. O-O Nc5 13. Nd2 {The position is equal.} Ne6 14. Be3 Nd4 {[#]} 15. Bf3 $146 (15. Bd3 $11) ({Predecessor:} 15. f3 Be6 16. b3 Rfd8 17. Kf2 Rd7 18. c5 Rad8 19. Bc4 Nc2 20. Bxe6 fxe6 21. Nc4 Nxe3 22. Kxe3 Rxd1 23. Rxd1 {1-0 (39) Brown,A (1795)-Haddock,P (1590) Glasgow 2016}) 15... Re8 16. Rc1 Be6 17. Be2 a5 18. Rfe1 a4 19. f3 Nd7 20. g4 ({White should play} 20. Bf1 $15) 20... Nc5 21. Kg2 (21. Bf1 $17) 21... Red8 (21... Nxe2 $19 22. Rxe2 Nd3) 22. Bf1 $17 Ra6 23. Ndb1 (23. Nd5 $15) 23... Rb6 $36 {[%mdl 2048] Keeping White busy.} 24. Nd1 h6 (24... Bf6 $19 25. Bd2 a3 26. bxa3 Ra8) 25. Rc3 (25. Nbc3 $17) 25... Bf8 26. Bc1 Na6 {...Nb4 is the strong threat. 0x0.0002dece0979dp-1022s more active pieces.} 27. a3 {Prevents Nb4.} (27. Nf2 $17) 27... Nc5 28. Nd2 Be7 29. Ne3 Bg5 30. Kg3 Ndb3 31. Nxb3 Rxb3 ({Weaker is} 31... Nxb3 32. c5 Bf4+ 33. Kf2 Nxc1 34. cxb6 Rd2+ 35. Kg1 $11) (31... axb3 32. Nd1 $17) 32. Rc2 Rdd3 33. Bxd3 {[#]} (33. Rce2 {was the only chance.}) 33... Nxd3 34. Ree2 $2 (34. Ng2 Bxc1 35. Rexc1 Nxc1 36. Rxc1 Rxb2 37. c5) 34... Nxc1 $19 {Black is clearly winning.} 35. Rxc1 Bxe3 36. Rcc2 Bd4 37. Red2 b6 38. Kg2 g5 {Weighted Error Value: White=0.42/Black=0.15 (very precise)} 0-1

[Event "IX Famalicao Open 2022"]
[Site "Vila Nova de Famalicao"]
[Date "2022.07.25"]
[Round "2.7"]
[White "Krishna C R G"]
[Black "Lopes, Jose Eduardo Santos "]
[Result "1-0"]
[ECO "A48"]
[WhiteElo "2430"]
[BlackElo "1661"]
[Annotator "TA"]
[PlyCount "101"]
[EventDate "2022.07.25"]
[EventType "tourn"]
[EventCountry "POR"]
[SourceTitle "playchess.com"]
[Source "ChessBase"]
[SourceQuality "1"]
[TimeControl "5400+30"]

1. d4 Nf6 2. Nf3 g6 3. Nc3 d5 4. Bf4 Bg7 5. e3 O-O 6. Be2 c5 7. dxc5 {Nowadays more popular than 7.Ne5.} Qa5 8. Nd2 {D00: 1 d4 d5: Unusual lines.} Ne4 (8... Qxc5 $11 9. Nb3 Qb6) 9. Ncxe4 (9. Ndxe4 $6 dxe4 10. O-O Bxc3 11. bxc3 Rd8 $11) 9... dxe4 10. c3 {White is better.} Qxc5 11. Nxe4 Qb6 12. Qb3 {[#] White is more active.} Be6 $146 ({Predecessor:} 12... Nd7 13. O-O a5 14. Rfd1 a4 15. Qxb6 Nxb6 16. Bc7 Nd7 17. a3 b6 18. Bb5 Ra7 19. Bxd7 Rxc7 20. Bxa4 {1-0 (44) Guidarelli,L (2272)-Wolrich,C (2161) France 1999}) 13. Qxb6 axb6 14. a3 Nd7 15. O-O Bb3 16. Nd2 Bd5 17. e4 Bc6 18. Be3 Nc5 19. Bc4 Bd7 20. Rab1 Rfd8 21. f3 Ba4 22. Rfe1 Nd3 23. Bxd3 Rxd3 24. Nc4 Bb3 25. Nxb6 Rc8 26. Nd5 $2 (26. Nxc8 $18 {is the precise move to win.} e6 27. Rbc1) 26... e6 $2 (26... Bxd5 $16 27. exd5 Rxd5) 27. Nb4 $2 (27. Ne7+ $18 Kh8 28. Nxc8) 27... Rd6 28. Rbc1 b5 29. Nc2 Bc4 30. f4 e5 31. fxe5 Bxe5 32. Nd4 {Inhibits Re6.} Kg7 (32... Re8 $16 33. Rcd1 Bxd4 34. Rxd4 (34. Bxd4 Rde6 $16) 34... Rxd4 35. Bxd4 f5) 33. Nf3 $18 f6 34. Bd4 Bf4 35. Rc2 {Hoping for g3.} Re6 36. Rf2 (36. e5 $18) 36... Kg8 37. g3 Bh6 38. Be3 Bf8 39. Nd2 Bd3 40. Bd4 Bh6 {[#]} 41. Nb3 $1 {aiming for Nc5.} Rxe4 42. Rxe4 Bxe4 {This bishop pair is nice.} 43. Rxf6 Bd5 44. Nc5 Re8 45. Rd6 Bc4 46. b3 Be2 (46... Bf8 $16) 47. Nd7 {[#] Threatens to win with Nf6+.} Re7 (47... Bg7 $142 48. a4 bxa4) 48. Nf6+ Kf7 49. Nd5 ({Resist} 49. Nxh7 Bd1 50. b4 Re1+ 51. Kg2 Re2+ 52. Kh3 Re6 53. Rd7+ Re7 $18) 49... Re4 50. Rb6 Bg4 51. Nf6 $2 {Weighted Error Value: White=0.35/Black=0.27 (precise)} ({But not} 51. Rxb5 Re1+ 52. Kg2 Rd1 53. Rb7+ Ke6 $18) (51. Rb7+ $18 {is more deadly.} Ke6 52. Nc7+ (52. Rxh7 Kxd5 53. Rxh6 Re1+ 54. Kf2 Re2+ 55. Kf1 Re6 $18) 52... Kf7 53. Nxb5+ Re7 54. Nd6+ Ke6 55. Rxe7+ Kxe7 56. Nc4) 1-0

[Event "IX Famalicao Open 2022"]
[Site "Vila Nova de Famalicao"]
[Date "2022.07.25"]
[Round "2.8"]
[White "Alonso Moyano, Miguel"]
[Black "Akhvlediani, Irakli"]
[Result "0-1"]
[ECO "B25"]
[WhiteElo "1568"]
[BlackElo "2429"]
[Annotator "TA"]
[PlyCount "70"]
[EventDate "2022.07.25"]
[EventType "tourn"]
[EventCountry "POR"]
[SourceTitle "playchess.com"]
[Source "ChessBase"]
[SourceQuality "1"]
[TimeControl "5400+30"]

1. e4 c5 2. Nc3 Nc6 3. g3 g6 4. Bg2 Bg7 5. d3 d6 6. f4 e6 7. Nf3 Nge7 8. Be3 b6 9. O-O O-O 10. Bf2 Ba6 11. Qd2 {B25: Closed Sicilian: 3 g3, lines without early Be3.} Rc8 12. Rfe1 Nd4 {[#]} 13. Rab1 $146 {The position is equal.} ({Predecessor:} 13. Nxd4 cxd4 14. Ne2 Qc7 15. Rac1 e5 16. c3 dxc3 17. Rxc3 Qd7 18. Ra3 Bb5 19. Nc3 {1-0 (43) Starostits,I (2468)-Dinger,F (2054) Leutersdorf 2005}) 13... Bb7 14. Nd1 Qd7 15. c3 Nxf3+ 16. Bxf3 f5 17. d4 fxe4 18. Bxe4 Bxe4 19. Rxe4 d5 20. Re2 Nf5 21. dxc5 $1 bxc5 22. Ne3 Nd6 23. Nxd5 exd5 $17 24. Qxd5+ {[#]} Rf7 $1 25. Rd1 {[#]} Qg4 (25... Qb5 $1 $17 26. Re6 Nf5) 26. Re7 (26. Rde1 $15 Qd7 27. Rd2 (27. Bxc5 Ne4 $15)) 26... Bf8 27. Rxa7 {[#]} Qxd1+ $1 28. Qxd1 Rxa7 29. Qd5+ (29. a4 $17) 29... Nf7 $19 {Threatens to win with ...Rb8.} 30. Kg2 Rd8 31. Qb3 Bd6 ({Black should try} 31... Rd2 $19 {...Re7 is the strong threat.} 32. Kf1 Rad7) 32. Qb6 $2 (32. Qc2 $17) 32... Rxa2 {White must now prevent ...Rb8.} 33. Bxc5 $2 (33. Qb3 Ra5 34. Be3) 33... Bxc5 {Black is clearly winning.} 34. Qxc5 Rxb2+ 35. Kh3 Rdd2 {Weighted Error Value: White=0.75/Black=0.12 (very precise)} (35... h5 $142 36. Qg1 g5) 0-1

[Event "IX Famalicao Open 2022"]
[Site "Vila Nova de Famalicao"]
[Date "2022.07.25"]
[Round "2.9"]
[White "Umetsubo, Cesar Hidemitsu"]
[Black "Albuquerque, Eduardo Ferreira"]
[Result "1-0"]
[ECO "D45"]
[WhiteElo "2405"]
[BlackElo "1828"]
[Annotator "TA"]
[PlyCount "43"]
[EventDate "2022.07.25"]
[EventType "tourn"]
[EventCountry "POR"]
[SourceTitle "playchess.com"]
[Source "ChessBase"]
[SourceQuality "1"]
[TimeControl "5400+30"]

1. d4 d5 2. c4 c6 3. Nf3 Nf6 4. Nc3 e6 5. e3 Be7 6. Bd3 O-O 7. O-O dxc4 8. Bxc4 b5 9. Bd3 Bb7 10. e4 {[%emt 0:04:12][%cal Be3e4,Be4e5][%mdl 32] D45: Semi-Slav: 5 e3.} a6 (10... b4 $11) 11. e5 Nfd7 12. Ne4 {[%emt 0:07:23] White is more active.} (12. Be4 $16) 12... c5 $11 13. dxc5 {[%emt 0:05:44] [#]} (13. Nxc5 {is interesting.} Nxc5 14. dxc5 Nd7 15. c6) 13... Nxc5 $146 (13... Nc6 {is more complex.} 14. Nd6 Nxc5 15. Bb1 f5) ({Predecessor:} 13... Bxc5 14. Bg5 Be7 15. Bxe7 Qxe7 16. Nd6 Bd5 17. Be4 Nb6 18. Qc2 h6 19. Rac1 Bxe4 20. Qxe4 {0-1 (42) Meinhardt,G (1948)-Trostel,U Dresden 2006}) 14. Nxc5 Bxc5 {[%emt 0:00:16] [#]} 15. Bxh7+ $1 Kxh7 16. Qc2+ Kg8 {[%emt 0:00:13] Threatens to win with ...Be7.} 17. Ng5 Bxf2+ $2 {[%emt 0:02:25][%mdl 8192] Black cannot hold the game after this.} 18. Rxf2 $18 g6 {[%emt 0:01:01] [#]} 19. Nxe6 $1 fxe6 (19... Qc8 20. Nxf8) 20. Qxg6+ {[%emt 0:00:08] White mates.} Kh8 21. Qh5+ Kg8 22. Bh6 {[%emt 0:00:28] Weighted Error Value: White=0.10 (very precise) /Black=0.75} 1-0

[Event "IX Famalicao Open 2022"]
[Site "Vila Nova de Famalicao"]
[Date "2022.07.25"]
[Round "2.10"]
[White "Arbulu Rocha, Miguel"]
[Black "Campora, Daniel H."]
[Result "0-1"]
[ECO "B07"]
[WhiteElo "1931"]
[BlackElo "2397"]
[Annotator "TA"]
[PlyCount "75"]
[EventDate "2022.07.25"]
[EventType "tourn"]
[EventCountry "POR"]
[SourceTitle "playchess.com"]
[Source "ChessBase"]
[SourceQuality "1"]
[TimeControl "5400+30"]

1. e4 d6 2. d4 Nf6 3. Nc3 Nbd7 4. Be3 e5 5. d5 c6 6. f3 {[%emt 0:01:10] B07: Pirc Defence: Miscellaneous Systems.} Qa5 7. Qd2 cxd5 {[%emt 0:00:34] [#]} 8. Nxd5 $146 {[%emt 0:00:29] The position is equal.} (8. exd5 {with more complications.} Nb6 9. O-O-O Be7 10. a3) ({Predecessor:} 8. exd5 a6 9. a3 b5 10. b4 Qc7 11. a4 bxa4 12. Nxa4 Bb7 13. c4 Rc8 14. Bd3 {1-0 (28) Guimond,M (1904)-Jobin,G (1795) Gatineau 2018}) 8... Qxd2+ 9. Bxd2 {[%emt 0:00:15] [#] Black must now prevent Nc7+.} Nxd5 10. exd5 Be7 11. Bd3 O-O 12. Ne2 Nc5 13. Nc1 (13. Bc4 $11 {keeps the balance.}) 13... Bd7 14. b4 ({White should play} 14. Be3 $15) 14... Nxd3+ $17 15. Nxd3 Rac8 16. Rc1 Rc7 17. c3 f5 18. Nb2 Rfc8 19. a4 Bh4+ 20. g3 Bf6 21. a5 e4 22. Nd1 Bb5 23. Kf2 (23. fxe4 $17 fxe4 24. Kf2) 23... exf3 $19 24. Kxf3 Bc4 25. Ne3 Bd3 {[%emt 0:00:06] A strong pair of Bishops.} 26. Kf2 (26. Rhg1 $142) 26... Bxc3 27. Bxc3 Rxc3 28. Rxc3 Rxc3 {[%emt 0:00:07][%mdl 4096] Endgame KRB-KRN} 29. Rd1 Kf7 30. Ke1 Kf6 31. Kd2 Rb3 32. Rc1 Be4 33. Nc4 Rd3+ ({Not} 33... Bxd5 $2 34. Nxd6 Rxb4 35. Ne8+ Kg6 36. Rc5 $19) 34. Ke2 Rxd5 35. Ne3 $2 {[%emt 0:00:47] [#]} (35. Rc3 {keeps fighting.}) 35... Rd4 36. b5 Bd3+ 37. Kf2 Bxb5 38. Kf3 {Weighted Error Value: White=0.31/Black=0.11 (very precise)} 0-1

[Event "IX Famalicao Open 2022"]
[Site "Vila Nova de Famalicao"]
[Date "2022.07.25"]
[Round "2.11"]
[White "Dias, Paulo"]
[Black "Silva, Artur Lemos"]
[Result "1-0"]
[ECO "E65"]
[WhiteElo "2348"]
[BlackElo "1757"]
[Annotator "TA"]
[PlyCount "47"]
[EventDate "2022.07.25"]
[EventType "tourn"]
[EventCountry "POR"]
[SourceTitle "playchess.com"]
[Source "ChessBase"]
[SourceQuality "1"]
[TimeControl "5400+30"]

1. d4 Nf6 2. c4 g6 3. Nf3 Bg7 4. g3 O-O 5. Bg2 d6 6. Nc3 c5 7. O-O Nbd7 8. e4 cxd4 9. Nxd4 Ne5 10. b3 Bd7 {E65: King's Indian: Fianchetto: 6...c5 7 0-0 without d5 by White.} 11. h3 Rb8 12. Be3 {[#]} h6 $146 {White is better.} ({Predecessor:} 12... Qc8 13. Kh2 a6 14. Rc1 Qd8 15. a4 Qa5 16. Nd5 Nxd5 17. exd5 Be8 18. Re1 h6 19. f4 {1-0 (31) Butvilas,A (2136)-Jankus,G (1731) Lithuania 2022}) 13. Qd2 Kh7 14. f4 Nc6 15. Nxc6 Bxc6 16. Bxa7 Ra8 17. Bd4 {White is more active.} e5 18. fxe5 dxe5 19. Be3 Qxd2 20. Bxd2 Rad8 (20... Nh5 $16 {was worth a try.}) 21. Nd5 $18 Nh5 22. Bb4 Nxg3 23. Bxf8 Nxf1 $2 {[#]} (23... Rxf8 24. Rf2 f5) 24. Bxg7 {Weighted Error Value: White=0.02 (flawless) /Black=0.54} ({Stronger than} 24. Rxf1 Rxf8 25. Kf2 h5 $11) 1-0

[Event "IX Famalicao Open 2022"]
[Site "Vila Nova de Famalicao"]
[Date "2022.07.25"]
[Round "2.12"]
[White "De Medeiros, Sara Soares"]
[Black "Borges, Guilherme Deola"]
[Result "0-1"]
[ECO "A58"]
[WhiteElo "1853"]
[BlackElo "2185"]
[Annotator "TA"]
[PlyCount "66"]
[EventDate "2022.07.25"]
[EventType "tourn"]
[EventCountry "POR"]
[SourceTitle "playchess.com"]
[Source "ChessBase"]
[SourceQuality "1"]
[TimeControl "5400+30"]

1. d4 Nf6 2. c4 c5 3. d5 b5 4. cxb5 a6 5. bxa6 g6 6. Nc3 Bxa6 7. g3 d6 8. Bg2 Bg7 9. Nf3 O-O 10. O-O Nbd7 11. Re1 Ng4 12. Qc2 Qb6 {[%emt 0:05:24] A58: Benko/Volga Gambit: Lines with 5 bxa6.} 13. Rb1 Rfb8 14. Bd2 {[%emt 0:08:17] [#]} Qa7 $146 {[%emt 0:05:29] White has an edge.} ({Predecessor:} 14... c4 15. Rf1 Bb7 16. h3 Nge5 17. Nxe5 Nxe5 18. b3 cxb3 19. Rxb3 {½-½ (48) Rodrigues,T (1683)-Fernandes,T (1969) Lisbon 2018}) 15. a3 Nge5 16. Nxe5 Bxe5 17. Ne4 Nb6 18. Bc3 (18. f4 $5 Bg7 19. Bc3 $14) 18... Bxc3 19. Nxc3 (19. Qxc3 {looks sharper.} Bb7 20. b4 Nxd5 21. Qd3) 19... Nc4 $1 20. Ne4 Rb6 $1 21. Nd2 Ne5 (21... Nxd2 $11 22. Qxd2 Rb3) 22. b3 $16 Rab8 23. Nf3 (23. Ra1 $16) 23... Ng4 (23... Nxf3+ $11 {remains equal.} 24. Bxf3 (24. exf3 Bc8 $11) 24... Bc8) 24. e3 Qb7 {[%emt 0:02:32][%cal Rb6b3] [#]} 25. Nd2 Ne5 26. Qc3 Bd3 27. Rb2 {[%emt 0:02:36] And now f4 would win.} Qa6 28. Ra2 (28. f4 $14 Ng4 29. h3) 28... h5 (28... c4 $11 {keeps the balance.} 29. bxc4 Bxc4 30. Nxc4 Rb3) 29. Bf1 $2 (29. f4 $16 Nd7 30. e4) 29... Bxf1 30. Rxf1 Qe2 31. Rb2 {[%emt 0:00:40] [#]} ({White should try} 31. Rc2 $15) 31... h4 $1 $17 {[%emt 0:03:37][%cal Bh5h4,Bh4h3][%mdl 1056] Black has strong compensation. Black is more active.} 32. Kg2 $2 (32. h3 $17 {might work better.}) 32... h3+ $19 33. Kg1 $2 (33. Kxh3 $19 Nd3 34. Rbb1 Nxf2+ 35. Rxf2 Qxf2 36. e4) 33... Nf3+ {[%emt 0:00:16] Weighted Error Value: White=0.81/Black=0.29 (precise)} 0-1